 Dungeon Crawl Stone Soup version 0.29-a0-453-gf113fcf677 (webtiles) character file.

Game seed: 7184578628239773777

6967 Ijustatesigmund the Magician (level 11, -1/81 HPs)
             Began as a Gnoll Fire Elementalist on May 19, 2022.
             Was a Priest of Cheibriados.
             Slain by a death knight
             ... wielding a +4 battleaxe
              (9 damage)
             ... on level 9 of the Dungeon on May 20, 2022.
             The game lasted 00:38:26 (12040 turns).

Ijustatesigmund the Magician (GnFE)                Turns: 12040, Time: 00:38:26

Health: -1/81      AC: 10    Str: 17    XL:     11   Next: 7%
Magic:  15/22      EV: 36    Int: 26    God:    Cheibriados [***...]
Gold:   594        SH:  0    Dex: 20    Spells: 15/25 levels left

rFire   . . .      SeeInvis +   y - +5 halberd
rCold   . . .      Faith    .   (shield currently unavailable)
rNeg    . . .      Spirit   .   E - +0 troll leather armour
rPois   .          Reflect  .   (helmet restricted)
rElec   .          Harm     .   p - +2 cloak
rCorr   .          Rampage  .   q - +1 pair of gloves
Will    .....                   (no boots)
Stlth   ++++......              e - amulet of the acrobat
HPRegen 1.03/turn               o - ring of see invisible
MPRegen 0.18/turn               D - +4 ring of evasion

@: about to teleport, acrobatic, very slow
A: fangs 1, strong nose, distributed training, horns 1, talons 2
a: Renounce Religion, Bend Time, Temporal Distortion


You were on level 9 of the Dungeon.
You worshipped Cheibriados.
Cheibriados was most pleased with you.
You visited 2 branches of the dungeon, and saw 10 of its levels.
You also visited: Ossuary.

You collected 594 gold pieces.

Inventory:

Hand Weapons
 c - a +3 mace of protection
 t - a +5 hand axe
 y - a +5 halberd (weapon)
Armour
 a - +0 acid dragon scales
 i - a +0 kite shield
 p - a +2 cloak (worn)
 q - a +1 pair of gloves (worn)
 E - a +0 troll leather armour (worn)
Magical Staves
 l - a staff of fire
Jewellery
 e - an amulet of the acrobat (around neck)
 o - a ring of see invisible (left hand)
 A - an amulet of magic regeneration
 D - a +4 ring of evasion (right hand)
Wands
 f - a wand of polymorph (9)
 g - a wand of flame (29)
Scrolls
 j - 2 scrolls of enchant armour
 k - 2 scrolls of teleportation
 s - 2 scrolls of fog
 z - a scroll of amnesia
 B - a scroll of enchant weapon
Potions
 b - 2 potions of magic
 d - 3 potions of mutation
 h - 6 potions of curing
 m - 4 potions of brilliance
 n - 3 potions of lignification
 v - 5 potions of attraction
 x - a potion of ambrosia
 C - a potion of flight


   Skills:
 + Level 5.9 Fighting
 + Level 5.9 Short Blades
 + Level 5.9 Long Blades
 + Level 5.9 Axes
 + Level 5.9 Maces & Flails
 + Level 5.9 Polearms
 + Level 5.9 Staves
 + Level 5.9 Slings
 + Level 5.9 Bows
 + Level 5.9 Crossbows
 + Level 5.9 Throwing
 + Level 5.9 Armour
 + Level 7.6 Dodging
 + Level 7.3 Stealth
 + Level 5.9 Shields
 + Level 5.9 Unarmed Combat
 + Level 7.8 Spellcasting
 + Level 5.4 Conjurations
 + Level 4.9 Hexes
 + Level 4.9 Summonings
 + Level 4.9 Necromancy
 + Level 4.9 Translocations
 + Level 4.9 Transmutations
 + Level 7.4 Fire Magic
 + Level 4.9 Ice Magic
 + Level 4.9 Air Magic
 + Level 4.9 Earth Magic
 + Level 4.9 Poison Magic
 + Level 6.5 Invocations
 + Level 5.9 Evocations


You had 15 spell levels left.
You knew the following spells:

 Your Spells              Type           Power      Damage    Failure   Level
b - Scorch                Fire           98%        2d9       1%          2
c - Flame Wave            Conj/Fire      43%        2d9       4%          4
d - Magic Dart            Conj           100%       1d8       1%          1
e - Mephitic Cloud        Conj/Pois/Air  36%        N/A       2%          3

Your spell library contained the following spells:

 Spells                   Type           Power      Damage    Failure   Level
 Foxfire                  Conj/Fire      100%       2x1d9     1%          1
 Call Imp                 Summ           35%        N/A       1%          2
 Conjure Flame            Conj/Fire      43%        6-21      1%          3
 Inner Flame              Hex/Fire       42%        N/A       1%          3


Dungeon Overview and Level Annotations

Branches:
Dungeon (9/15)             Temple (1/1) D:6             Orc (0/2) D:9
Ossuary (visited)
   Lair: D:8-11

Altars:
Ashenzari
Cheibriados
Dithmenos
Elyvilon
Fedhas
Gozag
Hepliaklqana
Kikubaaqudgha
Makhleb
Nemelex Xobeh
Okawaru
Qazlal
Ru
Sif Muna
Trog
Vehumet
Xom
Yredelemnul
Zin
The Shining One

Shops:
D:6 =


Innate Abilities, Weirdness & Mutations

You have very sharp teeth.
Your uncanny sense of smell can sniff out nearby items.
Your experience applies equally to all skills.
You have a pair of small horns on your head.
You have razor-sharp toenails.


Message History

The death knight hits you with a +4 battleaxe!
* * * LOW HITPOINT WARNING * * *
The boulder beetle bites you but does no damage.
The bullfrog hits you but does no damage.
The death knight hits you with a +4 battleaxe!!
* * * LOW HITPOINT WARNING * * *
You feel much better. The boulder beetle bites you!
* * * LOW HITPOINT WARNING * * *
The bullfrog hits you.
* * * LOW HITPOINT WARNING * * *
The death knight hits you with a +4 battleaxe.
* * * LOW HITPOINT WARNING * * *
Okay, then.
Okay, then.
Your magical effects are unravelling.
You feel magically purged.
You feel less wooden.
Your +2 cloak unmelds from your body.
Your +1 pair of gloves unmelds from your body.
Your +0 troll leather armour unmelds from your body.
The bullfrog barely misses you. The boulder beetle bites you!
* * * LOW HITPOINT WARNING * * *
The death knight closely misses you.
Okay, then.
Okay, then.
The bullfrog barely misses you. The boulder beetle misses you.
The death knight attacks as you move away!
The death knight closely misses you.
A howler monkey comes into view.
Found a runed trident.
The boulder beetle misses you.
As you read the scroll of teleportation, it crumbles to dust.
You feel strangely unstable.
The bullfrog is no longer moving slowly.
The boulder beetle is no longer moving slowly.
The death knight hits you with a +4 battleaxe.
* * * LOW HITPOINT WARNING * * *
The boulder beetle completely misses you.
The bullfrog attacks as you move away! The bullfrog completely misses you. x2
The death knight hits you with a +4 battleaxe!
You die...

#∆*∆*,,*,*,.##,*,....,,,,,,,,,**,
*,∆,,*,,*,*#)..*,#..##******,,,,,
,°**,*,,*,**...,,#...# *,,,,,
##B##***,#####.###[..# *****,
R○...,,,,,........[<[# *,
.....,*****#......$..# **
.....,,**###....B....#
c....,,,>.......Fp...#
##...,,,,.......@....#
*,.#****####..#######
*,,#,,,,,,,#..* *,,*,,,,,,,#.,*
*,,*,,,,,,,*,,* **,^,,,_,,,*,,*
*,*,,,,,,,*,,* *,*,,,,,,,*,,*
*,*,,,,,,,*,,*


You could see a death knight, a boulder beetle and a bullfrog.

Vanquished Creatures
  Pikel (D:3)
  4 cyclopes (D:9)
  Maggie (D:8)
  An efreet (D:9)
  2 trolls
  Grinder (D:3)
  Sigmund (D:3)
  A wyvern (D:9)
  3 water moccasins
  2 orc warriors
  A sky beast (D:8)
  An ice beast (D:6)
  2 black bears (D:3)
  2 ogres (D:6)
  3 centaurs
  A lemure (D:4)
  3 bullfrogs
  An elf zombie (D:7)
  A gnoll sergeant (D:9)
  2 necrophages (D:5)
  4 scorpions
  10 wights (D:8)
  A howler monkey (D:9)
  2 jellies
  2 orc priests
  Crazy Yiuf (D:3)
  8 hounds
  A human skeleton (D:7)
  Jessica (D:3)
  3 iguanas
  Natasha (thrice) (D:2)
  5 orc wizards
  8 mummies (Ossuary)
  8 gnolls
  3 adders
  2 white imps
  2 ufetubi
  2 worms
  5 dart slugs
  23 orcs
  3 ball pythons (D:1)
  9 endoplasms
  4 giant cockroaches
  A gnoll zombie (Ossuary)
  8 goblins
  15 hobgoblins
  6 jackals
  A quokka (D:2)
  2 bats (D:1)
  3 frilled lizards
  12 kobolds
  4 kobold zombies (Ossuary)
  3 orc skeletons (D:7)
  4 orc zombies
  3 rats
  A bush (D:3)
207 creatures vanquished.

Vanquished Creatures (others)
  166 foxfires
  3 plants (D:7)
169 creatures vanquished.

Grand Total: 376 creatures vanquished

Notes
Turn   | Place    | Note
-------+----------+-------------------------------------------
     0 | D:1      | Ijustatesigmund the Gnoll Fire Elementalist began the quest
                  | for the Orb.
     0 | D:1      | Reached XP level 1. HP: 13/13 MP: 6/6
   343 | D:1      | Reached XP level 2. HP: 19/19 MP: 3/7
   510 | D:1      | Learned a level 2 spell: Scorch
  1054 | D:1      | Reached XP level 3. HP: 25/25 MP: 5/9
  1062 | D:1      | Reached skill level 5 in Spellcasting
  1462 | D:2      | Reached skill level 1 in Invocations
  1656 | D:2      | Noticed Natasha
  1666 | D:2      | Killed Natasha
  1667 | D:2      | Reached skill level 1 in Fighting
  1667 | D:2      | Reached skill level 1 in Short Blades
  1667 | D:2      | Reached skill level 1 in Long Blades
  1667 | D:2      | Reached skill level 1 in Axes
  1667 | D:2      | Reached skill level 1 in Maces & Flails
  1667 | D:2      | Reached skill level 1 in Polearms
  1667 | D:2      | Reached skill level 1 in Staves
  1667 | D:2      | Reached skill level 1 in Slings
  1667 | D:2      | Reached skill level 1 in Bows
  1667 | D:2      | Reached skill level 1 in Crossbows
  1667 | D:2      | Reached skill level 1 in Throwing
  1667 | D:2      | Reached skill level 1 in Armour
  1667 | D:2      | Reached skill level 1 in Shields
  1667 | D:2      | Reached skill level 1 in Unarmed Combat
  1667 | D:2      | Reached skill level 1 in Evocations
  1667 | D:2      | Reached XP level 4. HP: 16/32 MP: 9/11
  1672 | D:2      | Learned a level 4 spell: Flame Wave
  1775 | D:2      | Noticed Natasha
  1780 | D:2      | Killed Natasha
  1781 | D:2      | Reached skill level 1 in Hexes
  1781 | D:2      | Reached skill level 1 in Summonings
  1781 | D:2      | Reached skill level 1 in Necromancy
  1781 | D:2      | Reached skill level 1 in Translocations
  1781 | D:2      | Reached skill level 1 in Transmutations
  1781 | D:2      | Reached skill level 1 in Ice Magic
  1781 | D:2      | Reached skill level 1 in Air Magic
  1781 | D:2      | Reached skill level 1 in Earth Magic
  1781 | D:2      | Reached skill level 1 in Poison Magic
  1900 | D:2      | Noticed Natasha
  1905 | D:2      | Killed Natasha
  1906 | D:2      | Reached XP level 5. HP: 37/37 MP: 7/12
  1942 | D:2      | Found a shimmering altar of Xom.
  2084 | D:2      | Found a faded altar of an unknown god.
  2728 | D:3      | Found a runed translucent door.
  2729 | D:3      | Noticed Crazy Yiuf
  2737 | D:3      | Killed Crazy Yiuf
  2995 | D:3      | Upgraded the game from 0.29-a0-451-gfbfa42419e to
                  | 0.29-a0-453-gf113fcf677
  2997 | D:3      | Gained mutation: You have a pair of small horns on your
                  | head. [potion of mutation]
  2997 | D:3      | Gained mutation: You have sharp toenails. [potion of
                  | mutation]
  2997 | D:3      | Gained mutation: You have razor-sharp toenails. [potion of
                  | mutation]
  3018 | D:3      | Found a stormy altar of Qazlal.
  3042 | D:3      | Found a shimmering blue altar of Sif Muna.
  3069 | D:3      | Noticed a centaur
  3080 | D:3      | Killed a centaur
  3081 | D:3      | Reached XP level 6. HP: 42/44 MP: 13/13
  3131 | D:3      | Noticed Sigmund
  3152 | D:3      | Killed Sigmund
  3153 | D:3      | Reached skill level 5 in Dodging
  3237 | D:3      | Noticed Jessica
  3243 | D:3      | Killed Jessica
  3244 | D:3      | Reached XP level 7. HP: 39/50 MP: 9/15
  4203 | D:4      | Noticed Grinder
  4268 | D:3      | Killed Grinder
  4269 | D:3      | Reached skill level 5 in Stealth
  4366 | D:3      | Reached XP level 8. HP: 39/57 MP: 9/16
  4950 | D:4      | Noticed Pikel
  5097 | D:3      | Killed Pikel
  5286 | D:5      | Entered Level 5 of the Dungeon
  5317 | D:5      | Reached XP level 9. HP: 57/65 MP: 18/18
  5362 | D:5      | Learned a level 1 spell: Magic Dart
  5601 | D:5      | Learned a level 3 spell: Mephitic Cloud
  5743 | D:5      | Found a sacrificial altar of Ru.
  6424 | D:6      | Found a staircase to the Ecumenical Temple.
  6448 | Temple   | Entered the Ecumenical Temple
  6642 | Temple   | Became a worshipper of Cheibriados the Contemplative
  6894 | D:6      | Found Wefaal's Jewellery Shoppe.
  7461 | D:7      | Found a bloodstained altar of Trog.
  7708 | D:7      | Reached * piety under Cheibriados
  7817 | D:7      | Reached skill level 5 in Invocations
  7859 | D:7      | Found a sand-covered staircase.
  7864 | Ossuary  | Entered an ossuary
  8602 | D:7      | Reached ** piety under Cheibriados
  9505 | D:8      | Reached XP level 10. HP: 65/73 MP: 13/20
  9973 | D:8      | Reached skill level 5 in Fighting
  9973 | D:8      | Reached skill level 5 in Short Blades
  9973 | D:8      | Reached skill level 5 in Long Blades
  9973 | D:8      | Reached skill level 5 in Axes
  9973 | D:8      | Reached skill level 5 in Maces & Flails
  9973 | D:8      | Reached skill level 5 in Polearms
  9973 | D:8      | Reached skill level 5 in Staves
  9973 | D:8      | Reached skill level 5 in Slings
  9973 | D:8      | Reached skill level 5 in Bows
  9973 | D:8      | Reached skill level 5 in Crossbows
  9973 | D:8      | Reached skill level 5 in Throwing
  9973 | D:8      | Reached skill level 5 in Armour
  9973 | D:8      | Reached skill level 5 in Shields
  9973 | D:8      | Reached skill level 5 in Unarmed Combat
  9973 | D:8      | Reached skill level 5 in Evocations
 10072 | D:8      | Noticed Maggie
 10089 | D:8      | Reached *** piety under Cheibriados
 10472 | D:8      | Killed Maggie
 10738 | D:9      | Noticed a cyclops
 10744 | D:9      | Killed a cyclops
 10746 | D:9      | Reached skill level 5 in Conjurations
 10750 | D:9      | Noticed a centaur warrior
 10757 | D:9      | Killed a cyclops
 10758 | D:9      | Noticed a green ugly thing
 10760 | D:9      | Noticed a boulder beetle
 11142 | D:9      | Noticed a cyclops
 11192 | D:9      | Killed a cyclops
 11381 | D:9      | Noticed a cyclops
 11958 | D:9      | Killed a cyclops
 11959 | D:9      | Reached XP level 11. HP: 60/81 MP: 22/22
 12023 | D:9      | Noticed a death knight
 12040 | D:9      | Slain by a death knight

Illustrated notes

Levels and vault maps discovered:
D:1:      dpeg_arrival_arbitrary_a, layout_basic, st_stairs_4
D:2:      layout_loops_corners, basic_altar,
          hellmonk_ecumenical_altar_heavens_door, fountainhead,
          minmay_misc_feat_nine_boxes, uniq_natasha
D:3:      layout_basic, mainiacjoe_overflow_swirl, cheibrodos_gnoll_hut,
          uniq_sigmund, uniq_jessica, uniq_crazy_yiuf_cottage
D:4:      layout_rooms, uniq_grinder, uniq_pikel
D:5:      layout_loops_ring, nicolae_ru_awakened_eye, dk_noncrumbling_3
D:6:      layout_basic, minmay_temple_entry_grid, serial_shops,
          nicolae_shop_advertising_works [nicolae_subvault_shop_adworks]
D:7:      corexii_shantytown, layout_basic, bloody_trog,
          nicolae_ossuary_entry_catacombs, roderic_serpentine_path,
          minmay_misc_feat_tower, corexii_leaking_fountain
D:8:      layout_basic, uniq_maggie
D:9:      minmay_the_grid_square_5x5_4x4
          [minmay_the_grid_square_5x5_checkered_sparse,
          minmay_the_grid_square_5x5_v, minmay_the_grid_square_5x5_six,
          minmay_the_grid_square_5x5_two_walls_a,
          minmay_the_grid_square_5x5_three,
          minmay_the_grid_square_5x5_prize_snowflake,
          minmay_the_grid_square_5x5_prize_waves,
          minmay_the_grid_square_5x5_shuriken, minmay_the_grid_square_5x5_seven,
          minmay_the_grid_square_5x5_prize_deathbox,
          minmay_the_grid_square_5x5_prize_pseudospiral,
          minmay_the_grid_square_5x5_doubleslash,
          minmay_the_grid_square_5x5_one_wall, minmay_the_grid_square_5x5_n,
          minmay_the_grid_square_5x5_inner_i,
          minmay_the_grid_square_5x5_trominoes], layout_rooms,
          lemuel_coloured_pillars_altar, lemuel_tele_altar, david_orc_2,
          hangedman_decor_points, minmay_guarded_unrand_staff_of_olgreb
Temple:   regret_index_temple_sphere_string

Skill      XL: |  1  2  3  4  5  6  7  8  9 10 |
---------------+-------------------------------+-----
Conjurations   | 2 3 4 5 |  5.4
Spellcasting   | 5 6 7 |  7.8
Invocations    | 1 2 3 4 5 6 |  6.5
Fighting       | 1 2 3 4 5 |  5.9
Short Blades   | 1 2 3 4 5 |  5.9
Long Blades    | 1 2 3 4 5 |  5.9
Axes           | 1 2 3 4 5 |  5.9
Maces & Flails | 1 2 3 4 5 |  5.9
Polearms       | 1 2 3 4 5 |  5.9
Staves         | 1 2 3 4 5 |  5.9
Slings         | 1 2 3 4 5 |  5.9
Bows           | 1 2 3 4 5 |  5.9
Crossbows      | 1 2 3 4 5 |  5.9
Throwing       | 1 2 3 4 5 |  5.9
Armour         | 1 2 3 4 5 |  5.9
Shields        | 1 2 3 4 5 |  5.9
Unarmed Combat | 1 2 3 4 5 |  5.9
Evocations     | 1 2 3 4 5 |  5.9
Hexes          | 1 2 3 4 |  4.9
Summonings     | 1 2 3 4 |  4.9
Necromancy     | 1 2 3 4 |  4.9
Translocations | 1 2 3 4 |  4.9
Transmutations | 1 2 3 4 |  4.9
Ice Magic      | 1 2 3 4 |  4.9
Air Magic      | 1 2 3 4 |  4.9
Earth Magic    | 1 2 3 4 |  4.9
Poison Magic   | 1 2 3 4 |  4.9
Dodging        | 5 6 7 |  7.6
Stealth        | 5 6 7 |  7.3
Fire Magic     | 6 7 |  7.4

Action                   |  1- 3 |  4- 6 |  7- 9 | 10-12 || total
-------------------------+-------+-------+-------+-------++-------
Melee: Dagger            |    11 |    22 |       |       ||    33
       Bite              |     2 |     4 |    25 |    11 ||    42
       Mace              |       |    15 |    37 |       ||    52
       Headbutt          |       |     6 |    36 |    25 ||    67
       Kick              |       |     7 |    66 |    26 ||    99
       Punch             |       |       |     4 |     6 ||    10
       Hand axe          |       |       |   153 |    40 ||   193
       Halberd           |       |       |       |    29 ||    29
 Cast: Foxfire           |    69 |     7 |    22 |       ||    98
       Scorch            |       |    10 |    20 |     3 ||    33
       Flame Wave        |       |       |    12 |    11 ||    23
       Magic Dart        |       |       |    71 |    32 ||   103
       Mephitic Cloud    |       |       |    13 |    15 ||    28
Invok: Bend Time         |       |       |       |     1 ||     1
Evoke: Wand              |       |     8 |       |     2 ||    10
  Use: Scroll            |     2 |     3 |    12 |     6 ||    23
       Potion            |       |     2 |       |     6 ||     8
 Stab: Sleeping          |     1 |     2 |    10 |       ||    13
       Confused          |       |       |     5 |     3 ||     8
       Distracted        |       |       |     1 |       ||     1
Armor: Robe              |     1 |     9 |    51 |     2 ||    63
       Acid dragon scale |       |       |       |    11 ||    11
       Skin              |       |       |       |    16 ||    16
Dodge: Dodged            |    17 |    31 |   151 |    95 ||   294

Table legend: (Time is in decaauts)
 A = Elapsed time spent in this place.
 B = Non-inter-level travel time spent in this place.
 C = Inter-level travel time spent in this place.
 D = Time resting spent in this place.
 E = Time spent auto-exploring this place.
 F = Levels seen in this place.
 G = Mean time per level.
                   A        B        C        D        E       F      G
               +--------+--------+--------+--------+--------+-----+--------+
         Total |  13026 |  12662 |    364 |   3833 |   6701 |  11 | 1184.2 |
       Dungeon |  12421 |  12127 |    294 |   3744 |   6410 |   9 | 1380.1 |
        Temple |    230 |    161 |     69 |      0 |    144 |   1 |  230.0 |
       Ossuary |    375 |    375 |      0 |     89 |    147 |   1 |  375.0 |
               +--------+--------+--------+--------+--------+-----+--------+

Top non-repeatable levels by time:
     D:8: 2742 daAuts
     D:7: 2157 daAuts
     D:3: 2138 daAuts
     D:2: 1377 daAuts
     D:1: 1362 daAuts
     D:6: 1229 daAuts
     D:5: 823 daAuts
     D:4: 446 daAuts
 Ossuary: 375 daAuts
  Temple: 230 daAuts
     D:9: 142 daAuts
